 Dungeon Crawl Stone Soup version 0.19-a0-1007-g133f65f (webtiles) character file.

10777 mistymad the Fighter (level 11, -5/93 HPs)
             Began as a Formicid Abyssal Knight on July 19, 2016.
             Was the Champion of Lugonu.
             Killed from afar by Erica (24 damage)
             ... with an orb of energy
             ... on level 1 of the Lair of Beasts.
             The game lasted 00:27:34 (13027 turns).

mistymad the Fighter (Formicid Abyssal Knight)     Turns: 13027, Time: 00:27:35

Health: -5/93      AC: 18    Str: 20    XL:     11   Next: 99%
Magic:  11/15      EV:  8    Int: 15    God:    Lugonu [******]
Gold:   643        SH:  7    Dex: 10    Spells: 0 memorised, 10 levels left

rFire  . . .     SeeInvis +     z - +1 war axe (elec)
rCold  + . .     Gourm    .     p - +2 chain mail {rC+}
rNeg   . . .     Faith    .     x - +0 buckler
rPois  .         Spirit   .     (helmet unavailable)
rElec  .         Dismiss  .     O - +1 cloak
rCorr  .         Reflect  +     (no gloves)
SustAt .         Harm     .     G - +0 pair of boots
MR     ++++.                    q - +3 amulet of reflection
Stlth  ..........               W - ring of the Mage {Wiz MR++ Int+3}
                                v - ring of protection from magic

@: lethally poisoned (-5 -> -30), incredibly resistant to hostile enchantments,
extremely unstealthy
A: permanent stasis, dig shafts and tunnels, four strong arms, antennae 3
a: Dig, Shaft Self, Depart the Abyss, Bend Space, Banish, Corrupt, Enter the
Abyss, Brand Weapon With Distortion, Renounce Religion


You were on level 1 of the Lair of Beasts.
You worshipped Lugonu.
Lugonu was exalted by your worship.
You were very hungry.

You visited 3 branches of the dungeon, and saw 12 of its levels.
You visited the Abyss 1 time.

You collected 643 gold pieces.

Inventory:

Hand Weapons
 u - a +0 whip of venom
 z - a +1 war axe of electrocution (weapon)
 H - a +4 war axe
Missiles
 P - 2 throwing nets (quivered)
Armour
 p - a +2 chain mail of cold resistance (worn)
 x - a +0 buckler (worn)
 G - a +0 pair of boots (worn)
 O - a +1 cloak (worn)
 U - a +0 plate armour
Rods
 a - a +0 iron rod (13/13)
   (You found it on level 9 of the Dungeon)
Jewellery
 q - a +3 amulet of reflection (around neck)
 v - a ring of protection from magic (left hand)
 I - an uncursed ring of fire
 W - the ring of the Mage (right hand) {Wiz MR++ Int+3}
   (You found it on level 8 of the Dungeon)

   [ring of wizardry]

   It improves your spell success rate.
   It affects your intelligence (+3).
   It affects your resistance to hostile enchantments.
Wands
 d - a wand of lightning (7/15)
 w - a wand of polymorph (15/24)
 B - a wand of teleportation (5/9)
 E - a wand of iceblast (5/15)
 F - a wand of slowing (24/48)
 K - a wand of slowing (11/48)
 M - a wand of lightning (9/15)
 R - a wand of acid (10/15)
 S - a wand of polymorph (7/24)
Scrolls
 i - a scroll of immolation
 k - a scroll of magic mapping
 n - 2 scrolls of identify
 s - 5 scrolls of remove curse
 y - 2 scrolls of fear
 A - a scroll of noise
 D - 2 scrolls of enchant weapon
 J - a scroll of fog {unknown}
 L - a scroll of amnesia
 T - a scroll of recharging
Potions
 e - a potion of lignification
 f - 3 potions of curing
 g - 2 potions of magic
 h - 2 potions of ambrosia
 j - a potion of mutation {unknown}
 o - a potion of agility {unknown}
 r - 3 potions of heal wounds {unknown}
 t - 3 potions of haste {unknown}
 N - a potion of cure mutation {unknown}
 Q - a potion of flight {unknown}
Comestibles
 b - 9 beef jerkies
 c - 7 bread rations
 l - a slice of pizza
 C - 4 meat rations


   Skills:
 + Level 11.0 Fighting
 + Level 10.0 Axes
 + Level 11.0 Armour
 - Level 0.8 Dodging
 - Level 4.4 Shields
 + Level 6.5 Invocations


You had 10 spell levels left.
You didn't know any spells.

Dungeon Overview and Level Annotations

Branches:
Dungeon (10/15)            Temple (1/1) D:5            Lair (1/6) D:8
    Orc (0/2) D:9

Altars:
Ashenzari
Cheibriados
Dithmenos
Elyvilon
Fedhas
Gozag
Hepliaklqana
Kikubaaqudgha
Makhleb
Nemelex Xobeh
Okawaru
Pakellas
Qazlal
Ru
Sif Muna
Trog
Uskayaw
Vehumet
Xom
Yredelemnul
Zin
The Shining One

Shops:
D:6 %   D:7 :

Annotations:
Lair:1 Erica


Innate Abilities, Weirdness & Mutations

You are under a permanent stasis effect.
You can dig through walls and to a lower floor.
Your four strong arms can wield two-handed weapons with a shield.
You have a pair of large antennae on your head. (SInv)


Message History

You feel sick. Erica gestures at you while chanting.
The bolt of poison hits you!
You are more poisoned.
* * * LOW HITPOINT WARNING * * *
You take 26 damage, and have 23/93 hp.
MASSIVE DAMAGE!!
You barely miss Erica.
Erica is moderately wounded.
* * * LOW HITPOINT WARNING * * *
You feel sick. You block Erica's attack.
You take 2 damage, and have 21/93 hp.
Unknown command.
Press: ? - help, Shift-Dir - straight line, f - Erica
Aim: Erica, wielding a scimitar of flaming and wearing a robe (moderately wounded, chance to defeat MR: 54%) Erica resists with significant effort.
You feel quite a bit more hungry.
* * * LOW HITPOINT WARNING * * *
You feel very sick. Erica gestures at you while chanting.
The orb of energy hits you!
You die...

###.## #.#........## ##........
.....#####...........###.........
.....'.)...#..........#.#..(.....
÷....###.###......{.P............
.....# ### #........####.........
.....# ###.###.## #.########
.....# #####.# #.### # .#.#.#
#.....#####...## # .#####
##..@..##..#....## # ..
#P..@............#### .#
###.............#.#.##
#...≈........≈≈.......
#....≈P≈≈..≈≈≈≈≈.#.....
#....PP≈≈≈≈≈≈≈≈≈.#.....
#....P≈P≈≈≈≈P≈P≈.......
#....≈≈≈≈P≈P≈P≈P.#.....
.....≈≈≈P≈≈≈P≈≈≈..#....


You could see Erica.

Vanquished Creatures
  A hydra (Lair:1)
  A cyclops (D:9)
  A spiny frog (Lair:1)
  A komodo dragon (Lair:1)
  A troll (D:9)
  Prince Ribbit (D:7)
  Sigmund (D:3)
  A wyvern (D:9)
  12 yaks (Lair:1)
  A hungry ghost (D:8)
  A hippogriff (D:8)
  A basilisk (Lair:1)
  4 wargs (D:9)
  A porcupine (Lair:1)
  A water moccasin (Lair:1)
  3 ice beasts
  4 sky beasts
  8 ogres
  3 orc warriors
  A black bear (D:8)
  A phantom (D:8)
  2 necrophages (D:9)
  4 centaurs
  3 big kobolds
  8 giant frogs
  A wyvern skeleton (D:9)
  2 scorpions
  A water moccasin skeleton (D:9)
  10 killer bees
  11 wights
  A howler monkey (D:4)
  2 electric eels
  5 crimson imps
  3 centaur zombies
  2 hounds
  2 giant frog skeletons (D:5)
  2 jellies (D:9)
  7 orc priests
  A centaur skeleton (D:5)
  Jessica (D:2)
  3 iguanas
  Ijyb (D:3)
  8 orc wizards
  6 worker ants
  2 hound skeletons (D:5)
  Robin (D:3)
  10 adders
  7 river rats (Lair:1)
  An ooze (D:3)
  5 adder skeletons
  3 worms
  11 giant geckos
  26 orcs
  5 ball pythons
  7 giant cockroaches
  17 goblins
  12 hobgoblins
  11 jackals
  7 quokkas
  11 bats
  2 giant gecko skeletons (D:5)
  11 kobolds
  A quokka skeleton (D:4)
  6 rats
  2 fungi (D:8)
293 creatures vanquished.

Vanquished Creatures (others)
  4 fungi
  A plant (Lair:1)
5 creatures vanquished.

Grand Total: 298 creatures vanquished

Notes
Turn   | Place    | Note
-------+----------+-------------------------------------------
     0 | Abyss:1  | mistymad the Formicid Abyssal Knight began the quest for the Orb.
     0 | Abyss:1  | Reached XP level 1. HP: 18/18 MP: 2/2
    72 | Abyss:1  | Noticed a kobold demonologist
    78 | Abyss:1  | Noticed a small abomination
    79 | Abyss:1  | Noticed a tentacled starspawn
    80 | D:1      | Escaped the Abyss
   536 | D:1      | Reached * piety under Lugonu
   536 | D:1      | Reached XP level 2. HP: 21/24 MP: 3/3
   770 | D:1      | Reached XP level 3. HP: 27/30 MP: 4/4
  1774 | D:2      | Reached XP level 4. HP: 34/37 MP: 5/5
  1916 | D:2      | Reached ** piety under Lugonu
  1970 | D:2      | Noticed Jessica
  1979 | D:2      | Killed Jessica
  2020 | D:2      | Found a basalt altar of Yredelemnul.
  2024 | D:2      | Reached XP level 5. HP: 43/43 MP: 6/6
  2026 | D:2      | Noticed a profane servitor
  2037 | D:2      | Found a glowing golden altar of the Shining One.
  2039 | D:2      | Noticed an angel
  2715 | D:3      | Noticed Sigmund
  2814 | D:3      | Noticed Ijyb
  2830 | D:3      | Killed Ijyb
  3122 | D:3      | Found a shattered altar of Ashenzari.
  3127 | D:3      | Noticed Robin
  3138 | D:3      | Reached XP level 6. HP: 49/50 MP: 7/7
  3201 | D:3      | Killed Robin
  3234 | D:3      | Reached *** piety under Lugonu
  3585 | D:4      | Reached skill level 5 in Fighting
  3585 | D:4      | Reached skill level 1 in Shields
  4081 | D:4      | Noticed an ogre
  4089 | D:4      | Killed an ogre
  4089 | D:4      | Reached XP level 7. HP: 50/56 MP: 8/8
  4481 | D:5      | Entered Level 5 of the Dungeon
  4599 | D:5      | Found a staircase to the Ecumenical Temple.
  4631 | D:5      | Reached skill level 5 in Armour
  4653 | Temple   | Entered the Ecumenical Temple
  5180 | D:5      | Reached XP level 8. HP: 27/64 MP: 9/9
  5197 | D:5      | Reached skill level 5 in Axes
  5256 | D:5      | Reached **** piety under Lugonu
  5610 | D:5      | You fall through a shaft for 2 floors!
  5611 | D:7      | Noticed Prince Ribbit
  5631 | D:7      | Killed Prince Ribbit
  5648 | D:7      | Reached XP level 9. HP: 17/71 MP: 10/10
  6381 | D:7      | Found Garipruku's Book Emporium.
  6476 | D:6      | Found a blossoming altar of Fedhas.
  6552 | D:6      | Found a deep blue altar of Sif Muna.
  6605 | D:6      | Found Ywkulid's Food Shop.
  6739 | D:6      | Found a white marble altar of Elyvilon.
  6920 | D:5      | Reached XP level 10. HP: 82/82 MP: 11/11
  7177 | D:5      | Reached ***** piety under Lugonu
  7668 | D:3      | Killed Sigmund
  7888 | D:6      | Found a glowing silver altar of Zin.
  7888 | D:6      | Found an opulent altar of Gozag.
  8487 | D:8      | Found a staircase to the Lair.
  9449 | D:9      | Found a staircase to the Orcish Mines.
  9622 | D:9      | Found an oddly glowing altar of Pakellas.
  9622 | D:9      | Found a shadowy altar of Dithmenos.
  9774 | D:9      | Found a stormy altar of Qazlal.
  9774 | D:9      | Found a radiant altar of Vehumet.
  9805 | D:9      | Reached XP level 11. HP: 90/90 MP: 13/13
  9847 | D:9      | Reached skill level 10 in Fighting
 10800 | D:9      | Noticed a cyclops
 10810 | D:9      | Killed a cyclops
 10810 | D:9      | Reached skill level 10 in Armour
 10810 | D:9      | Reached skill level 5 in Invocations
 11271 | D:10     | Entered Level 10 of the Dungeon
 11484 | Lair:1   | Entered Level 1 of the Lair of Beasts
 11640 | Lair:1   | Noticed a five-headed hydra
 11671 | Lair:1   | Killed a five-headed hydra
 11684 | Lair:1   | Reached ****** piety under Lugonu
 12607 | Lair:1   | Reached skill level 10 in Axes
 13011 | Lair:1   | Noticed Erica
 13027 | Lair:1   | Killed from afar by Erica

Vault maps used:
D:1:      dpeg_arrival_court
D:2:      grunt_temple_overflow_holy_war, uniq_jessica
D:3:      nicolae_ashenzari_panopticon, first_bread, uniq_sigmund, uniq_robin,
          uniq_iyjb
D:4:      serial_corexii_hall, corexii_hall_statues_i, corexii_hall_statues_i
D:6:      grunt_temple_overflow_gold_and_silver, kennysheep_little_box,
          nicolae_overflow_hidden_temple, elyvilon_altar_4, serial_shops,
          nicolae_shop_crystal
D:7:      serial_shops, shop, grunt_ogre_cave, uniq_prince_ribbit1
D:8:      dpeg_oklobed_lair
D:9:      grunt_temple_overflow_open, gammafunk_temple_overflow_wave,
          minmay_orc_entry_guard_dogs, kennysheep_dice
Temple:   jpeg_temple_alley_garden
Lair:1:   serial_bayou_pond_d, serial_bayou_shore_a, uniq_erica

Skill      XL: |  1  2  3  4  5  6  7  8  9 10 11 |
---------------+----------------------------------+-----
Fighting       | 4 5 6 8 9 11 | 11.0
Armour         | 3 4 5 6 7 9 11 | 11.0
Axes           | 3 4 6 7 8 10 | 10.0
Shields        | 2 3 4 |  4.4
Invocations    | 3 6 |  6.5
Dodging        | |  0.8

Action                   |  1- 3 |  4- 6 |  7- 9 | 10-12 || total
-------------------------+-------+-------+-------+-------++-------
Melee: Hand axe          |   122 |   104 |       |       ||   226
       Whip              |       |   142 |   157 |    27 ||   326
       War axe           |       |       |   132 |   548 ||   680
Invok: Depart the Abyss  |     1 |       |       |       ||     1
       Banish            |       |       |       |     1 ||     1
 Abil: Dig               |       |     4 |     3 |     3 ||    10
Evoke: Rod               |       |       |       |     2 ||     2
  Use: Scroll            |       |       |     6 |    12 ||    18
       Potion            |       |       |     2 |     1 ||     3
  Eat: Chunk             |     2 |     9 |    10 |    19 ||    40
       Pizza             |       |       |       |     1 ||     1
       Bread ration      |       |       |       |     1 ||     1
Armor: Leather armour    |    40 |       |       |       ||    40
       Chain mail        |       |   140 |   120 |   251 ||   511
       Skin              |       |       |     4 |    39 ||    43
Dodge: Dodged            |    77 |    82 |    58 |   179 ||   396
Block: Buckler           |       |     5 |    94 |   198 ||   297
       Reflection        |       |       |     2 |     2 ||     4
